 Dungeon Crawl Stone Soup version 0.28.0-43-g3370ac3207 (webtiles) character file.

Game seed: 4014966094696168798

12292 Kaptain the Thaumaturge (level 11, -2/66 HPs)
             Began as a Deep Elf Earth Elementalist on Mar 25, 2022.
             Slain by Rupert
             ... wielding a +0 antimagic battleaxe
              (41 damage)
             ... on level 12 of the Dungeon.
             The game lasted 00:22:39 (12845 turns).

Kaptain the Thaumaturge (DEEE)                     Turns: 12845, Time: 00:22:39

Health: -2/66      AC:  8    Str:  5    XL:     11   Next: 60%
Magic:  10/37      EV: 14    Int: 25    God:
Gold:   580        SH:  5    Dex: 15    Spells: 28/32 levels left

rFire   . . .      SeeInvis .   b - +3 long sword (flame)
rCold   . . .      Faith    .   (no shield)
rNeg    . . .      Spirit   .   F - +0 troll leather armour
rPois   .          Reflect  +   p - +0 helmet
rElec   .          Harm     .   g - +0 cloak
rCorr   .          Rampage  .   (no gloves)
Will    +....                   z - +0 pair of boots
Stlth   ++........              i - amulet of reflection
HPRegen 1.01/turn               a - ring of magical power
MPRegen 0.25/turn               k - ring of wizardry

@: no status effects
A: no striking features
a: no special abilities


You were on level 12 of the Dungeon.
You visited 2 branches of the dungeon, and saw 13 of its levels.
You also visited: Sewer.

You collected 580 gold pieces.

Inventory:

Hand Weapons
 b - a +3 long sword of flaming (weapon)
 o - a +0 trident
 s - a +3 flail of draining
 w - the +4 dagger of Responsibility {speed, rC++ Will- Stlth+}
   (You found it on level 4 of the Dungeon)

   Attacks with this weapon are significantly faster.
   rC:        It greatly protects you from cold.
   Will:      It decreases your willpower.
   Stlth:     It makes you more stealthy.
Missiles
 c - 149 stones
 d - 79 sling bullets
 m - 5 javelins
 C - a throwing net
Armour
 e - +0 steam dragon scales
 g - a +0 cloak (worn)
 p - a +0 helmet (worn)
 z - a +0 pair of boots (worn)
 F - a +0 troll leather armour (worn)
Magical Staves
 f - a staff of conjuration
Jewellery
 a - a ring of magical power (left hand)
 i - an amulet of reflection (around neck)
 j - a +4 ring of evasion
 k - a ring of wizardry (right hand)
 q - an amulet of the acrobat
 y - a ring of positive energy
 B - a ring of protection from cold
 D - a +6 ring of intelligence
 I - a ring of fire
 N - an amulet of faith
Wands
 A - a wand of mindburst (32)
 J - a wand of iceblast (23)
 K - a wand of acid (5)
 M - a wand of charming (7)
 Q - a wand of paralysis (1)
 R - a wand of flame (7)
Scrolls
 h - 4 scrolls of enchant weapon
 l - 8 scrolls of teleportation
 t - a scroll of blinking
 u - 5 scrolls of identify
 v - a scroll of fog
 E - a scroll of holy word {unknown}
 H - a scroll of magic mapping {unknown}
 P - a scroll of fear
Potions
 n - a potion of haste
 r - 2 potions of flight
 x - a potion of invisibility
 G - 2 potions of brilliance {unknown}
 L - 2 potions of might {unknown}
 O - a potion of degeneration {unknown}
Miscellaneous
 S - a lightning rod (4/4)


   Skills:
 * Level 6.9 Fighting
 + Level 4.7 Armour
 + Level 7.6 Dodging
 + Level 2.6 Stealth
 + Level 0.3 Shields
 * Level 11.3 Spellcasting
 * Level 9.0 Conjurations
 + Level 1.2 Transmutations
 * Level 9.8 Earth Magic


You had 28 spell levels left.
You knew the following spells:

 Your Spells              Type           Power      Damage    Failure   Level
a - Sandblast             Erth           100%       2d20      1%          1
b - Stone Arrow           Conj/Erth      100%       3d13      1%          3

Your spell library contained the following spells:

 Spells                   Type           Power      Damage    Failure   Level
 Passwall                 Tmut/Erth      35%        N/A       1%          2
 Freeze                   Ice            56%        1d7       2%          1
 Petrify                  Tmut/Erth      42%        N/A       2%          4
 Hailstorm                Conj/Ice       36%        3d9       4%          4
 Frozen Ramparts          Ice            28%        1d4       9%          3
 Passage of Golubria      Tloc           14%        N/A       26%         4
 Silence                  Hex/Air        7%         N/A       56%         5
 Lehudib's Crystal Spear  Conj/Erth      28%        10d8      97%         8


Dungeon Overview and Level Annotations

Branches:
Dungeon (11/15)            Temple (1/1) D:7             Orc (0/2) D:9
  Sewer (visited)
   Lair: D:8-11

Altars:
Ashenzari
Cheibriados
Dithmenos
Elyvilon
Fedhas
Gozag
Hepliaklqana
Kikubaaqudgha
Makhleb
Nemelex Xobeh
Okawaru
Qazlal
Ru
Sif Muna
Trog
Uskayaw
Vehumet
Wu Jian
Xom
Yredelemnul
Zin
The Shining One
Beogh

Shops:
D:6 (?[[(   D:7 (   D:8 (   D:10 *

Annotations:
D:4 3 runed translucent doors, LetschGu's ghost, amateur KoDe
D:10 2 transporters, CryoSword's ghost, journeyman DDFi
D:12 Rupert


Message History

Aim: Rupert, wielding a +0 antimagic battleaxe and wearing a +0 leather armour (lightly wounded, 78% to hit)
The stone arrow hits Rupert!!
Rupert is moderately wounded.
Unknown command.
Casting: Stone Arrow (safe; 1% risk of failure)
Confirm with . or Enter, or press ? or * to list all spells.
Aiming: Stone Arrow (safe; 1% risk of failure)
Press: ? - help, Shift-Dir - straight line, f/p - Rupert
Aim: Rupert, wielding a +0 antimagic battleaxe and wearing a +0 leather armour (moderately wounded, 78% to hit)
The stone arrow misses Rupert.
Rupert roars madly and goes into a rage!
Rupert goes berserk!
Casting: Stone Arrow (safe; 1% risk of failure)
Confirm with . or Enter, or press ? or * to list all spells.
Aiming: Stone Arrow (safe; 1% risk of failure)
Press: ? - help, Shift-Dir - straight line, f/p - Rupert
Aim: Rupert, wielding a +0 antimagic battleaxe and wearing a +0 leather armour (moderately wounded, berserk, 78% to hit)
The stone arrow hits Rupert!!
Rupert is heavily wounded.
Unknown command.
Casting: Stone Arrow (safe; 1% risk of failure)
Confirm with . or Enter, or press ? or * to list all spells.
Aiming: Stone Arrow (safe; 1% risk of failure)
Press: ? - help, Shift-Dir - straight line, f/p - Rupert
Aim: Rupert, wielding a +0 antimagic battleaxe and wearing a +0 leather armour (heavily wounded, berserk, 78% to hit)
The stone arrow hits Rupert!!
Rupert is heavily wounded.
Rupert barely misses you.
Rupert hits you with a +0 antimagic battleaxe!!
You feel your power leaking away.
Casting: Stone Arrow (safe; 1% risk of failure)
Confirm with . or Enter, or press ? or * to list all spells.
Aiming: Stone Arrow (safe; 1% risk of failure)
Press: ? - help, Shift-Dir - straight line, f/p - Rupert
Aim: Rupert, wielding a +0 antimagic battleaxe and wearing a +0 leather armour (heavily wounded, berserk, 78% to hit)
The stone arrow hits Rupert!!
Rupert is severely wounded.
Rupert hits you with a +0 antimagic battleaxe!!!
Ouch! That really hurt!
You die...

#....+ #....#
#....# #....#
#....# #....#
#....# #....#
#@...#
#...@...#
#.......#
#.........
#............
#............
###..........
#..........


You could see Rupert (berserk).

Vanquished Creatures
  A hydra (D:7)
  2 two-headed ogres
  Pikel (D:8)
  A cyclops (D:7)
  3 slime creatures
  2 centaur zombies
  A gargoyle (D:7)
  A kobold demonologist (D:12)
  2 trolls (D:7)
  Prince Ribbit (D:6)
  A shadow (D:9)
  6 yaks (D:10)
  4 wraiths
  2 wyverns
  A steam dragon (D:7)
  7 vampire mosquitoes
  A water moccasin (D:7)
  Pargi (Sewer)
  2 orc warriors
  4 black bears (D:7)
  2 necrophages (D:7)
  A sky beast (D:7)
  3 ogres
  2 centaurs
  A lemure (D:8)
  A phantom (D:9)
  A kobold brigand (D:6)
  2 scorpions
  A bullfrog (D:6)
  A wyvern zombie (D:8)
  11 killer bees
  A troll zombie (D:9)
  10 wights
  5 howler monkeys
  A centaur skeleton (D:7)
  4 hounds
  6 orc priests
  2 gnoll shamans
  6 jellies
  A bullfrog skeleton (D:6)
  6 iguanas
  A scorpion zombie (D:5)
  An orc wizard (D:9)
  A killer bee zombie (D:7)
  7 ogre zombies (D:9)
  2 hound skeletons
  A howler monkey zombie (D:9)
  10 gnolls
  11 adders
  A white imp (D:5)
  An adder skeleton (D:4)
  A worm (D:3)
  3 dart slugs
  23 orcs
  7 bats
  14 endoplasms
  4 giant cockroaches
  10 goblins
  7 hobgoblins
  3 jackals (D:4)
  5 quokkas
  7 ball pythons
  A frilled lizard (D:1)
  A goblin skeleton (D:9)
  2 goblin zombies (D:9)
  3 hobgoblin skeletons (D:9)
  2 hobgoblin zombies (D:9)
  18 kobolds
  3 orc skeletons (D:9)
  11 orc zombies (D:9)
  8 rats
281 creatures vanquished.

Vanquished Creatures (others)
  A fungus (D:3)
  2 plants (D:7)
  14 toadstools (D:3)
17 creatures vanquished.

Grand Total: 298 creatures vanquished

Notes
Turn   | Place    | Note
-------+----------+-------------------------------------------
     0 | D:1      | Kaptain the Deep Elf Earth Elementalist began the quest for
                  | the Orb.
     0 | D:1      | Reached XP level 1. HP: 10/10 MP: 6/6
    50 | D:1      | Reached XP level 2. HP: 12/15 MP: 2/8
   601 | D:1      | Reached skill level 1 in Conjurations
   777 | D:1      | Reached XP level 3. HP: 20/20 MP: 2/9
   781 | D:1      | Learned a level 3 spell: Stone Arrow
   945 | D:1      | Reached skill level 1 in Fighting
  1195 | D:2      | Noticed a scorpion
  1202 | D:2      | Killed a scorpion
  1203 | D:2      | Reached XP level 4. HP: 25/25 MP: 1/11
  1751 | D:3      | Found a hazy altar of Hepliaklqana.
  1752 | D:3      | Found a shimmering altar of Xom.
  1753 | D:3      | Noticed a spectral ugly thing
  1785 | D:3      | Reached skill level 4 in Spellcasting
  1785 | D:3      | Reached XP level 5. HP: 29/29 MP: 9/13
  1816 | D:3      | Found a glowing drain.
  1823 | Sewer    | Entered a sewer
  1853 | Sewer    | Reached skill level 1 in Armour
  1951 | Sewer    | Noticed Pargi
  1960 | Sewer    | Killed Pargi
  2240 | D:3      | Reached XP level 6. HP: 35/35 MP: 12/14
  2556 | D:3      | Found a glowing silver altar of Zin.
  2566 | D:3      | Found an ornate altar of the Wu Jian Council.
  3551 | D:4      | Found a runed translucent gate.
  3552 | D:4      | Found a runed translucent gate.
  3553 | D:4      | Found a runed translucent gate.
  3554 | D:4      | Noticed LetschGu's ghost (amateur KoDe)
  3661 | D:4      | Reached skill level 5 in Spellcasting
  3661 | D:4      | Reached XP level 7. HP: 40/40 MP: 9/16
  3756 | D:4      | Reached skill level 5 in Earth Magic
  4420 | D:4      | Identified the +4 dagger of Responsibility {speed, rC++
                  | Will- Stlth+}
  4579 | D:5      | Entered Level 5 of the Dungeon
  5152 | D:5      | Found a snail-covered altar of Cheibriados.
  5400 | D:5      | Reached skill level 6 in Spellcasting
  5482 | D:5      | Reached XP level 8. HP: 46/46 MP: 7/19
  5912 | D:6      | Found Pahy's Weapon Shop.
  6125 | D:6      | Found Siburoc's Armour Shop.
  6418 | D:6      | Found Asiritem's Magic Scroll Emporium.
  6441 | D:6      | Found Xarasu's Antique Armour Shoppe.
  6469 | D:6      | Noticed Prince Ribbit
  6470 | D:6      | Found Watiew's Antique Weapon Shoppe.
  6474 | D:6      | Killed Prince Ribbit
  6475 | D:6      | Reached skill level 7 in Spellcasting
  6475 | D:6      | Reached skill level 5 in Conjurations
  6779 | D:7      | Found a bloodstained altar of Trog.
  6790 | D:7      | Reached skill level 5 in Dodging
  6943 | D:7      | Reached XP level 9. HP: 52/52 MP: 18/22
  7242 | D:7      | Noticed a two-headed ogre
  7249 | D:7      | Killed a two-headed ogre
  7250 | D:7      | Reached skill level 8 in Spellcasting
  7498 | D:7      | Noticed a cyclops
  7507 | D:7      | Killed a cyclops
  7508 | D:7      | Reached skill level 5 in Fighting
  7564 | D:7      | Noticed a five-headed hydra
  7567 | D:7      | Killed a five-headed hydra
  7568 | D:7      | Reached skill level 9 in Spellcasting
  7568 | D:7      | Reached XP level 10. HP: 49/59 MP: 14/25
  8100 | D:7      | Noticed a gargoyle
  8105 | D:7      | Killed a gargoyle
  8369 | D:7      | Found Xustehut's Antique Weapon Shoppe.
  8513 | D:7      | Found a staircase to the Ecumenical Temple.
  8532 | Temple   | Entered the Ecumenical Temple
  9160 | D:7      | Found a sacrificial altar of Ru.
  9297 | D:8      | Found Waiwiwn's Antique Weapon Shoppe.
  9497 | D:8      | Noticed Pikel
  9505 | D:8      | Killed Pikel
  9506 | D:8      | Reached skill level 10 in Spellcasting
 10545 | D:8      | Reached XP level 11. HP: 29/64 MP: 26/27
 11155 | D:9      | Found a staircase to the Orcish Mines.
 11541 | D:10     | Entered Level 10 of the Dungeon
 11643 | D:10     | Found Luokkewn's General Store.
 11654 | D:10     | Found a transporter.
 11656 | D:10     | Noticed a fire giant
 11657 | D:10     | Noticed CryoSword's ghost (journeyman DDFi)
 11658 | D:10     | Noticed a harpy
 11672 | D:10     | a harpy changed into a floating eye
 11826 | D:10     | Found a basalt altar of Yredelemnul.
 12172 | D:10     | Reached skill level 11 in Spellcasting
 12227 | D:10     | Noticed a two-headed ogre
 12232 | D:10     | Killed a two-headed ogre
 12430 | D:10     | Found a transporter.
 12640 | D:11     | You fall into a shaft and drop 1 floor!
 12671 | D:12     | Noticed a boulder beetle
 12837 | D:12     | Noticed Rupert
 12845 | D:12     | Slain by Rupert

Illustrated notes

Levels and vault maps discovered:
D:1:      mushboom_english_gardens, layout_basic
D:2:      layout_basic, minmay_misc_feat_secret_circle, minivault_23
D:3:      cheibrodos_fertilizer, layout_loops_ring,
          regret_index_temple_of_mockery, amethyst_overflow_temple_binary,
          lightli_sewer_entry_pipes
D:4:      layout_basic, gammafunk_ghost_nasty_kobolds
D:5:      layout_cave_pods, cheibriados_altar_1
D:6:      layout_gridville, serial_shops, nicolae_shop_statue_plus,
          nicolae_shop_window_shopping, nicolae_shop_behind_doors, shop_coins,
          nicolae_shop_statue_plus, uniq_prince_ribbit1
D:7:      minmay_the_grid_plus_closed [minmay_the_grid_diamond_grid,
          minmay_the_grid_fan, minmay_the_grid_tree, minmay_the_grid_doors,
          minmay_the_grid_prize_trominoes], layout_rooms, trog_ov_bears_minmay,
          kennysheep_mini, minmay_temple_entry_glassed_door, serial_shops,
          nicolae_shop_overgrown_old_shop, enter_bailey_3
D:8:      layout_loops_ring, serial_shops, shop, uniq_pikel
D:9:      layout_small_grid, zombieorc2_lemuel, minmay_misc_feat_room
D:10:     layout_loops_ring, mainiacjoe_overflow_boulevard,
          gammafunk_ghost_arena, serial_shops, shop, david_defended_altar_orc
D:11:     layout_loops_ring, lair_entry_dummy, nicolae_water_bricks,
          nicolae_twisting_strands, uniq_grum, uniq_josephine
D:12:     layout_irregular_city, nicolae_trove_entry_columns, uniq_rupert,
          uniq_kirke, uniq_snorg
Temple:   minmay_temple_curvy_branch

Skill      XL: |  1  2  3  4  5  6  7  8  9 10 11 |
---------------+----------------------------------+-----
Conjurations   | 1 2 3 4 5 6 8 9 |  9.0
Fighting       | 1 2 3 4 5 6 |  6.9
Dodging        | 3 4 5 6 7 |  7.6
Earth Magic    | 4 5 6 7 9 |  9.8
Spellcasting   | 4 5 6 7 9 10 11 | 11.3
Armour         | 1 2 3 4 |  4.7
Stealth        | |  2.6
Shields        | |  0.3
Transmutations | |  1.2

Action                   |  1- 3 |  4- 6 |  7- 9 | 10-12 || total
-------------------------+-------+-------+-------+-------++-------
Melee: Spear             |     7 |       |       |       ||     7
       Dagger            |    12 |    11 |       |       ||    23
       Punch             |     1 |     1 |       |     1 ||     3
       Flail             |       |     3 |    28 |       ||    31
       Long sword        |       |       |       |    37 ||    37
 Cast: Sandblast         |    36 |    61 |    55 |    19 ||   171
       Stone Arrow       |     2 |    17 |    74 |   203 ||   296
  Use: Scroll            |       |     8 |       |     3 ||    11
       Potion            |       |       |     1 |       ||     1
 Stab: Sleeping          |     1 |     1 |       |       ||     2
Armor: Robe              |     2 |     9 |    12 |       ||    23
       Troll leather arm |       |       |       |    25 ||    25
Dodge: Dodged            |    13 |    32 |    73 |    89 ||   207
Block: Other             |     3 |     7 |    20 |    19 ||    49
